 Dungeon Crawl Stone Soup version 0.19.4-8-ga85b6b9 (webtiles) character file.

295 winWinterter the Stinger (level 6, 0/44 HPs)
             Began as a Formicid Venom Mage on Feb 11, 2017.
             Slain by an iguana (9 damage)
             ... on level 4 of the Dungeon.
             The game lasted 00:16:39 (4530 turns).

winWinterter the Stinger (Formicid Venom Mage)      Turns: 4530, Time: 00:16:40

Health: 0/44       AC:  5    Str: 12    XL:     6   Next: 61%
Magic:  7/10       EV: 12    Int: 15    God:
Gold:   162        SH:  0    Dex: 13    Spells: 2 memorised, 7 levels left

rFire  . . .     SeeInvis +     s - +0 falchion
rCold  . . .     Gourm    .     o - +0 leather armour
rNeg   . . .     Faith    .     (no shield)
rPois  .         Spirit   .     (helmet unavailable)
rElec  .         Reflect  .     (no cloak)
rCorr  .         Harm     .     r - +0 pair of gloves
MR     .....                    d - +0 pair of boots (curse)
Stlth  +.........               (no amulet)
                                (no ring)
                                (no ring)

@: confused
A: permanent stasis, dig shafts and tunnels, four strong arms, antennae 3
a: Dig, Shaft Self


You were on level 4 of the Dungeon.
You were hungry.

You visited 1 branch of the dungeon, and saw 4 of its levels.

You collected 162 gold pieces.

Inventory:

Hand Weapons
 e - a +0 club
 f - a +0 dagger
 m - a +0 rapier
 s - a +0 falchion (weapon)
 u - a +3 short sword of venom
Armour
 a - a +0 robe
 d - a cursed +0 pair of boots (worn)
 o - a +0 leather armour (worn)
 r - a +0 pair of gloves (worn)
Scrolls
 g - a scroll of immolation {unknown}
 h - a scroll of recharging {unknown}
 j - 4 scrolls of identify {unknown}
 n - a scroll of enchant weapon {unknown}
 t - 2 scrolls of teleportation {unknown}
 v - a scroll of fog {unknown}
 w - a scroll of remove curse {unknown}
 y - a scroll of amnesia {unknown}
Potions
 i - a potion of degeneration {unknown}
 k - a potion of agility {unknown}
 l - a potion of heal wounds {unknown}
 p - a potion of mutation {unknown}
 x - a potion of flight {unknown}
Books
 b - a Young Poisoner's Handbook

   Spells                             Type                      Level
   a - Sting                          Conjuration/Poison           1
   b - Mephitic Cloud                 Conjuration/Poison/Air       3
   c - Olgreb's Toxic Radiance        Poison                       4
   d - Alistair's Intoxication        Transmutation/Poison         5
   e - Venom Bolt                     Conjuration/Poison           5
Comestibles
 c - 4 bread rations
 q - a meat ration
 z - 2 chunks of flesh


   Skills:
 * Level 2.1 Fighting
 - Level 0.8(1.5) Short Blades
 * Level 2.0(2.1) Long Blades
 + Level 2.2 Dodging
 + Level 3.5 Stealth
 + Level 3.2 Spellcasting
 * Level 1.2 Conjurations
 * Level 6.7 Poison Magic


You had 7 spell levels left.
You knew the following spells:

 Your Spells              Type           Power        Failure   Level  Hunger
a - Sting                 Conj/Pois      ##..         6%          1    #......
b - Mephitic Cloud        Conj/Pois/Air  ##......     30%         3    ###....


Dungeon Overview and Level Annotations

Branches:
Dungeon (4/15)
 Temple: D:4-7

Altars:
Dithmenos
Gozag
Nemelex Xobeh


Innate Abilities, Weirdness & Mutations

You are under a permanent stasis effect.
You can dig through walls and to a lower floor.
Your four strong arms can wield two-handed weapons with a shield.
You have a pair of large antennae on your head. (SInv)


Message History

A leopard gecko comes into view.
Found a large platinum amulet.
The iguana hisses menacingly.
The iguana bites you!
* * * LOW HITPOINT WARNING * * *
Casting: Sting
Confirm with . or Enter, or press ? or * to list all spells.
Aiming: Mephitic Cloud
Press: ? - help, Shift-Dir - straight line, f/p - iguana
Aim: an iguana (lightly wounded) That beam is likely to hit you.
Continue anyway?
The ball explodes into a vile cloud!
The stinking cloud engulfs the iguana.
The iguana is lightly wounded.
The stinking cloud engulfs you!
You are engulfed in noxious fumes.
You choke on the stench!
You are confused.
* * * LOW HITPOINT WARNING * * *
The iguana is engulfed in noxious fumes.
The iguana bites you!
You die...

#.........# #######.###
##.########
#######.........# ##
#.............#.#
..#.#####l.####.#.#
#.#..ยงยง##...###.#.####
.####.#.#l................
..".....#@##....###.#.####
..........##...####.#.#
.#.##...####..........# #
#.#........########
...##...###+# ..... #####
####.. ### .. ##.# #.
####...


You could see an iguana.

Vanquished Creatures
  An orc wizard (D:4)
  A hound (D:4)
  An orc priest (D:3)
  3 worker ants
  An adder (D:4)
  2 oozes (D:2)
  2 worms
  A dart slug (D:4)
  A leopard gecko (D:1)
  18 orcs
  5 giant cockroaches
  7 goblins
  7 hobgoblins
  6 jackals
  A quokka (D:3)
  A ball python (D:2)
  13 bats
  3 frilled lizards
  9 kobolds
  13 rats
96 creatures vanquished.

Notes
Turn   | Place    | Note
-------+----------+-------------------------------------------
     0 | D:1      | winWinterter the Formicid Venom Mage began the quest for the Orb.
     0 | D:1      | Reached XP level 1. HP: 13/13 MP: 3/3
   236 | D:1      | Reached XP level 2. HP: 16/19 MP: 1/5
   875 | D:1      | Reached XP level 3. HP: 12/24 MP: 6/6
  1021 | D:1      | Learned a level 3 spell: Mephitic Cloud
  1418 | D:2      | Found a shadowy altar of Dithmenos.
  1474 | D:2      | Found a sparkling altar of Nemelex Xobeh.
  1858 | D:2      | Reached skill level 6 in Poison Magic
  1858 | D:2      | Reached XP level 4. HP: 29/31 MP: 4/7
  1894 | D:2      | Reached skill level 1 in Conjurations
  1933 | D:2      | Reached skill level 1 in Fighting
  2223 | D:3      | Found an opulent altar of Gozag.
  2423 | D:3      | Reached XP level 5. HP: 26/37 MP: 1/9
  3260 | D:3      | Reached skill level 1 in Long Blades
  3576 | D:4      | Reached XP level 6. HP: 44/44 MP: 8/10
  4530 | D:4      | Slain by an iguana

Skill      XL: |  1  2  3  4  5  6 |
---------------+-------------------+-----
Poison Magic   | 6 |  6.7
Conjurations   | 1 |  1.2
Fighting       | 1 2 |  2.1
Dodging        | 2 |  2.2
Stealth        | 3 |  3.5
Long Blades    | 1 2 |  2.0
Spellcasting   | 3 |  3.2
Short Blades   | |  0.8

Action                   |  1- 3 |  4- 6 || total
-------------------------+-------+-------++-------
Melee: Unarmed           |    16 |       ||    16
       Dagger            |    71 |       ||    71
       Rapier            |     5 |    39 ||    44
       Falchion          |       |    73 ||    73
 Cast: Sting             |    53 |   103 ||   156
       Mephitic Cloud    |       |     1 ||     1
 Stab: Sleeping          |     1 |     8 ||     9
  Eat: Chunk             |     3 |     5 ||     8
       Bread ration      |       |     1 ||     1
Armor: Robe              |    38 |    26 ||    64
       Leather armour    |       |    19 ||    19
Dodge: Dodged            |    66 |    96 ||   162
       Rpst.: Falchion   |       |    18 ||    18
